 Dungeon Crawl Stone Soup version 0.19-GnollCrawlA-1-g03664ee (webtiles) character file.

79 bananaken the Grasshopper (level 1, -2/17 HPs)
             Began as a Centaur Warper on Feb 8, 2017.
             Was an Initiate of Fedhas.
             Slain by a gnoll (5 damage)
             ... on level 2 of the Dungeon.
             The game lasted 00:10:03 (1427 turns).

bananaken the Grasshopper (Centaur Warper)          Turns: 1427, Time: 00:10:04

Health: -2/17      AC:  7    Str: 13    XL:     1   Next: 0%
Magic:  3/3        EV:  9    Int: 12    God:    Fedhas [......]
Gold:   13         SH:  0    Dex:  8    Spells: 1 memorised, 2 levels left

rFire  . . .     SeeInvis .     a - +0 spear
rCold  . . .     Gourm    .     b - +0 leather armour
rNeg   . . .     Faith    .     (no shield)
rPois  .         Spirit   .     (no helmet)
rElec  .         Dismiss  .     (no cloak)
rCorr  .         Reflect  .     g - +2 pair of gloves
SustAt .         Harm     .     (no barding)
MR     .....                    (no amulet)
Stlth  ..........               (no ring)
                                (no ring)

@: very quick
A: hooves 3, deformed body, speed 2, tough skin 3
a: Renounce Religion


You were on level 2 of the Dungeon.
You worshipped Fedhas.
Fedhas was noncommittal.
You were not hungry.

You visited 2 branches of the dungeon, and saw 3 of its levels.

You collected 13 gold pieces.

Inventory:

Hand Weapons
 a - a +0 spear (weapon)
Missiles
 e - 4 tomahawks of dispersal (quivered)
 j - 20 poisoned needles
Armour
 b - a +0 leather armour (worn)
 g - a +2 pair of gloves (worn)
Jewellery
 d - a +3 amulet of reflection {unknown}
Scrolls
 l - a scroll of magic mapping
Books
 c - a book of Spatial Translocations

   Spells                             Type                      Level
   a - Apportation                    Translocation                1
   b - Blink                          Translocation                2
   c - Shroud of Golubria             Charms/Translocation         2
   d - Portal Projectile              Translocation                3
   e - Teleport Other                 Translocation                3
   f - Passage of Golubria            Translocation                4
Comestibles
 f - a bread ration


   Skills:
 + Level 2.0 Fighting
 + Level 1.7 Polearms
 + Level 1.1 Throwing
 + Level 0.6 Armour
 + Level 1.3 Dodging
 + Level 1.5 Spellcasting
 + Level 2.6 Translocations


You had 2 spell levels left.
You knew the following spells:

 Your Spells              Type           Power        Failure   Level  Hunger
a - Apportation           Tloc           #.........   14%         1    ##.....


Dungeon Overview and Level Annotations

Branches:
Dungeon (2/15)             Temple (1/1) D:2

Altars:
Ashenzari
Dithmenos
Fedhas
Okawaru
Pakellas
Qazlal
Sif Muna
Trog
Uskayaw
Xom
Zin

Annotations:
D:1 1 exclusion


Innate Abilities, Weirdness & Mutations

You have hooves in place of feet.
Armour fits poorly on your strangely shaped body.
You cover ground very quickly.
You have extremely tough skin. (AC +3)


Message History

The gnoll barely misses you. The gnoll hits you but does no damage.
The gnoll barely misses you.
The gnoll hits you from afar with a spear.
You see here a whip.
You feel a little less clever now. The gnoll closely misses you.
The gnoll hits you from afar with a halberd.
* * * LOW HITPOINT WARNING * * *
A gnoll comes into view.
A gnoll comes into view. It is wielding a flail.
The gnoll shouts!
The gnoll hits you but does no damage.
A gnoll comes into view. It is wielding a halberd.
The gnoll shouts!
The gnoll hits you with a flail.
* * * LOW HITPOINT WARNING * * *
The gnoll hits you but does no damage. The gnoll hits you.
You die...
Fedhas appreciates your contribution to the ecosystem.

#........# #........#
#..g.....# #........#
##........#
#########.........#
###..g.gg...#########
#..g#######..........
#...@.......#########
#############


You could see a gnoll.

Vanquished Creatures
  8 gnolls (D:2)
8 creatures vanquished.

Vanquished Creatures (others)
  7 toadstools (D:2)
7 creatures vanquished.

Grand Total: 15 creatures vanquished

Notes
Turn   | Place    | Note
-------+----------+-------------------------------------------
     0 | D:1      | bananaken the Centaur Warper began the quest for the Orb.
     0 | D:1      | Reached XP level 1. HP: 17/17 MP: 3/3
   397 | D:2      | Found a staircase to the Ecumenical Temple.
   400 | Temple   | Entered the Ecumenical Temple
   634 | Temple   | Became a worshipper of Fedhas Madash
  1248 | D:2      | Found a bloodstained altar of Trog.
  1427 | D:2      | Slain by a gnoll

Action                   || total
-------------------------++-------
Melee: Spear             ||    81
Throw: Tomahawk          ||     1
  Use: Scroll            ||     4
       Potion            ||     4
Armor: Leather armour    ||     9
Dodge: Dodged            ||    11
